 Dungeon Crawl Stone Soup version 0.27-a0-343-gfcad680f63 (webtiles) character file.

Game seed: 18427859172158046128

1153 wampuh the Fighter (level 8, -1/78 HPs)
             Began as a Minotaur Fighter on Feb 15, 2021.
             Was an Initiate of the Shining One.
             Slain by a lemure (2 damage)
             ... led by Pikel
             ... on level 6 of the Dungeon.
             The game lasted 00:05:08 (6003 turns).

wampuh the Fighter (Minotaur Fighter)               Turns: 6003, Time: 00:05:09

Health: -1/78      AC: 11    Str: 24    XL:     8   Next: 16%
Magic:  7/7        EV:  8    Int:  5    God:    the Shining One [......]
Gold:   347        SH: 10    Dex:  9    Spells: 7/7 levels left

rFire    . . .     SeeInvis .   C - +0 war axe
rCold    . . .     Faith    .   c - +0 kite shield
rNeg     . . .     Spirit   .   b - +0 scale mail
rPois    .         Reflect  .   (helmet restricted)
rElec    .         Harm     .   f - +2 cloak
rCorr    .         Rampage  .   (no gloves)
Will     .....                  (no boots)
Stlth    ..........             (no amulet)
HPRegen  0.23/turn              (no ring)
MPRegen  0.10/turn              (no ring)

@: glowing
A: retaliatory headbutt, horns 2
a: Renounce Religion


You were on level 6 of the Dungeon.
You worshipped the Shining One.
The Shining One was noncommittal.
You visited 2 branches of the dungeon, and saw 7 of its levels.
You also visited: Sewer and Ossuary.

You collected 347 gold pieces.

Inventory:

Hand Weapons
 C - a +0 war axe (weapon)
Armour
 b - a +0 scale mail (worn)
 c - a +0 kite shield (worn)
 f - a +2 cloak (worn)
Wands
 j - a wand of polymorph (8)
Scrolls
 a - a scroll of summoning {unknown}
 e - 6 scrolls of identify {unknown}
 g - a scroll of random uselessness {unknown}
 h - a scroll of enchant armour {unknown}
 i - a scroll of fear {unknown}
 k - 5 scrolls of teleportation {unknown}
 m - a scroll of magic mapping {unknown}
 q - 3 scrolls of blinking {unknown}
 r - a scroll of torment {unknown}
 w - a scroll of fog {unknown}
 x - 2 scrolls of enchant weapon {unknown}
 y - a scroll of immolation {unknown}
 A - 3 scrolls of amnesia {unknown}
Potions
 d - 5 potions of might
 l - 2 potions of lignification {unknown}
 n - 2 potions of flight {unknown}
 o - 2 potions of mutation {unknown}
 p - a potion of heal wounds {unknown}
 s - 4 potions of curing {unknown}
 t - 3 potions of invisibility {unknown}
 u - a potion of berserk rage {unknown}
 v - 2 potions of brilliance {unknown}
 z - a potion of ambrosia {unknown}


   Skills:
 * Level 9.0 Fighting
 - Level 2.4 Axes
 + Level 6.8 Armour
 + Level 6.8 Shields


You had 7 spell levels left.
You didn't know any spells.
Your spell library contained the following spells:

 Spells                   Type           Power        Failure   Level
 Animate Skeleton         Necr           0%           98%         1
 Pain                     Necr           0%           98%         1
 Vampiric Draining        Necr           0%           100%        3
 Animate Dead             Necr           0%           100%        4
 Agony                    Necr           0%           100%        5


Dungeon Overview and Level Annotations

Branches:
Dungeon (6/15)             Temple (1/1) D:5           Sewer (visited)
Ossuary (visited)

Altars:
Ashenzari
Cheibriados
Elyvilon
Fedhas
Hepliaklqana
Makhleb
Nemelex Xobeh
Okawaru
Ru
Trog
Uskayaw
Wu Jian
Xom
Yredelemnul
The Shining One

Annotations:
D:6 Pikel


Innate Abilities, Weirdness & Mutations

You reflexively headbutt those who attack you in melee.
You have a pair of horns on your head.


Message History

That felt strangely unrewarding.
You closely miss the lemure. You barely miss Pikel. You block Pikel's attack.
Pikel says, "Hell isn't that bad."
Pikel hits you with a +1 whip of electrocution.
Unknown command.
You are too injured to fight recklessly!
Unknown command.
You are too injured to fight recklessly!
Unknown command.
You hit Pikel but do no damage. You headbutt Pikel!
Pikel is moderately wounded.
You closely miss the lemure. The lemure hits you but does no damage.
You block Pikel's attack. The lemure hits you. You block the lemure's attack.
You barely miss Pikel. You headbutt Pikel!
Pikel is heavily wounded.
You barely miss the lemure. You closely miss the lemure.
You block Pikel's attack.
The lemure hits you. x2; Pikel barely misses you.
You hit Pikel.
Pikel is heavily wounded.
You miss the lemure. You barely miss the lemure. You block the lemure's attack.
The lemure hits you.
* * * LOW HITPOINT WARNING * * *
Pikel hits you but does no damage.
You are electrocuted!
* * * LOW HITPOINT WARNING * * *
The lemure hits you.
* * * LOW HITPOINT WARNING * * *
You block the lemure's attack.
Okay, then.
You barely miss Pikel.
Pikel is heavily wounded.
You closely miss the lemure. You hit the lemure.
Pikel hits you with a +1 whip of electrocution.
* * * LOW HITPOINT WARNING * * *
The lemure hits you.
* * * LOW HITPOINT WARNING * * *
You block the lemure's attack.
Pikel hits you with a +1 whip of electrocution.
* * * LOW HITPOINT WARNING * * *
The lemure hits you.
You die...

##########...#.............>.....
.##.....#......#.##..#.>.........
..............##.##..........##..
...(......##...#.##..###.....# #.
.........†####...###.# #.###...
..........# #(.## #.# .. ...
..........# #..# #.# ..#
.†........####..####.##. ##
..........##....@5......
......)..###.###5K.#.###
.##......##.. .J.....
########.#.. ##........ # #.#..
#$...?... # #.#. #........ #.#
#######.# #.# .# ..#


You could see Pikel, 2 lemures and an ooze.

Vanquished Creatures
  Grinder (D:5)
  Purgy (Sewer)
  A phantom (D:5)
  2 lemures (D:6)
  An elf zombie (Ossuary)
  A howler monkey (D:5)
  2 hounds
  A human zombie (Ossuary)
  3 centaur zombies (Ossuary)
  2 orc priests (D:3)
  3 jellies
  Ijyb (D:5)
  An iguana (D:6)
  2 worker ants
  A hound skeleton (D:6)
  2 mummies (Ossuary)
  Robin (D:2)
  6 adders
  A shadow imp (D:6)
  An ufetubus (D:5)
  2 adder zombies
  4 worms
  2 dart slugs
  A leopard gecko (D:2)
  6 orcs (D:3)
  2 giant cockroaches
  15 goblins
  7 hobgoblins
  6 jackals
  2 quokkas (D:4)
  6 ball pythons
  18 bats
  2 frilled lizards
  A goblin zombie (D:4)
  3 hobgoblin zombies (Ossuary)
  3 jackal zombies (Ossuary)
  7 kobolds
  13 kobold zombies (Ossuary)
  12 orc zombies (Ossuary)
  A quokka skeleton (D:4)
  A quokka zombie (D:4)
  5 rats
153 creatures vanquished.

Notes
Turn   | Place    | Note
-------+----------+-------------------------------------------
     0 | D:1      | wampuh the Minotaur Fighter began the quest for the Orb.
     0 | D:1      | Reached XP level 1. HP: 19/19 MP: 0/0
   153 | D:1      | Reached skill level 4 in Fighting
   170 | D:1      | Reached XP level 2. HP: 27/27 MP: 1/1
   704 | D:2      | Reached XP level 3. HP: 33/34 MP: 2/2
  1104 | D:2      | Found an ornate altar of the Wu Jian Council.
  1189 | D:2      | Noticed Robin
  1200 | D:2      | Killed Robin
  1201 | D:2      | Reached skill level 5 in Fighting
  1201 | D:2      | Reached XP level 4. HP: 28/42 MP: 3/3
  1623 | D:3      | Found a glowing drain.
  1635 | Sewer    | Entered a sewer
  1701 | Sewer    | Noticed Purgy
  1711 | Sewer    | Killed Purgy
  1712 | Sewer    | Reached XP level 5. HP: 37/50 MP: 4/4
  1851 | D:3      | Found an iron altar of Okawaru.
  1894 | D:3      | Reached skill level 6 in Fighting
  2073 | D:3      | Reached skill level 5 in Shields
  2203 | D:3      | Reached skill level 5 in Armour
  2427 | D:3      | Reached XP level 6. HP: 34/58 MP: 5/5
  3030 | D:4      | Found a sand-covered staircase.
  3039 | Ossuary  | Entered an ossuary
  3134 | Ossuary  | Reached skill level 7 in Fighting
  3371 | Ossuary  | Reached XP level 7. HP: 61/66 MP: 6/6
  3948 | D:4      | Found a white marble altar of Elyvilon.
  4549 | D:5      | Entered Level 5 of the Dungeon
  4584 | D:5      | Found a blossoming altar of Fedhas.
  4801 | D:5      | Noticed Grinder
  4813 | D:5      | Killed Grinder
  4814 | D:5      | Reached skill level 8 in Fighting
  5377 | D:5      | Noticed Ijyb
  5393 | D:5      | Paralysed by Ijyb for 4 turns
  5405 | D:5      | Paralysed by Ijyb for 7 turns
  5414 | D:5      | Killed Ijyb
  5415 | D:5      | Reached XP level 8. HP: 66/75 MP: 7/7
  5543 | D:5      | Found a staircase to the Ecumenical Temple.
  5552 | Temple   | Entered the Ecumenical Temple
  5754 | Temple   | Became a worshipper of the Shining One
  5859 | D:6      | Reached skill level 9 in Fighting
  5989 | D:6      | Noticed Pikel
  6003 | D:6      | HP: 1/78 [Pikel/+1 whip of electrocution (5)]
  6003 | D:6      | Slain by a lemure

Illustrated notes

Levels and vault maps discovered:
D:1:      minmay_arrival_cross, layout_loops_cross,
          minmay_misc_feat_four_crosses
D:2:      layout_basic, nzn_wu_jian_council_hall, uniq_robin
D:3:      layout_basic, nicolae_overflow_hidden_temple,
          cheibrodos_sewer_entry_sluice
D:4:      layout_layer_cave, nicolae_overflow_crystal_walls, enter_ossuary_4,
          grunt_decor_one_mirror, minmay_snake_closets
D:5:      layout_basic, lemuel_crystal_altar, minmay_temple_entry_poolview,
          uniq_ijyb, uniq_grinder
D:6:      layout_rooms, zin_angel, uniq_pikel
Temple:   jpeg_temple_clearing

Skill      XL: |  1  2  3  4  5  6  7  8 |
---------------+-------------------------+-----
Fighting       | 4 5 6 7 8 9 |  9.0
Armour         | 4 5 6 |  6.8
Shields        | 4 5 6 |  6.8
Axes           | |  2.4

Action                   |  1- 3 |  4- 6 |  7- 9 || total
-------------------------+-------+-------+-------++-------
Melee: War axe           |    80 |   143 |    84 ||   307
       Headbutt          |     9 |    23 |    30 ||    62
       Hand axe          |       |       |    51 ||    51
Armor: Scale mail        |    58 |    79 |    74 ||   211
Dodge: Dodged            |    31 |    58 |    49 ||   138
Block: Kite shield       |    58 |    94 |    76 ||   228

Table legend: (Time is in decaauts)
 A = Elapsed time spent in this place.
 B = Non-inter-level travel time spent in this place.
 C = Inter-level travel time spent in this place.
 D = Time resting spent in this place.
 E = Time spent auto-exploring this place.
 F = Levels seen in this place.
 G = Mean time per level.
                   A        B        C        D        E       F      G
               +--------+--------+--------+--------+--------+-----+--------+
         Total |   6204 |   6012 |    192 |    938 |   4028 |   9 |  689.3 |
       Dungeon |   5291 |   5111 |    180 |    732 |   3629 |   6 |  881.8 |
        Temple |    213 |    202 |     11 |      0 |    118 |   1 |  213.0 |
         Sewer |    213 |    213 |      0 |      0 |    159 |   1 |  213.0 |
       Ossuary |    485 |    485 |      0 |    206 |    122 |   1 |  485.0 |
               +--------+--------+--------+--------+--------+-----+--------+

Top non-repeatable levels by time:
     D:4: 1199 daAuts
     D:3: 1180 daAuts
     D:5: 1085 daAuts
     D:2: 922 daAuts
     D:1: 705 daAuts
 Ossuary: 485 daAuts
  Temple: 213 daAuts
   Sewer: 213 daAuts
     D:6: 198 daAuts
